 Dungeon Crawl Stone Soup version 0.29-a0-845-g6161e89988 (webtiles) character file.

Game seed: 17979519879475497704

8337 buhh the Frost Mage (level 11, -7/97 HPs)
             Began as a Meteoran Transmuter on July 16, 2022.
             Was an Initiate of Ashenzari.
             Killed by an exploding kobold brigand (26 damage)
             ... ignited by their inner flame
             ... on level 11 of the Dungeon.
             The game lasted 00:22:51 (5023 turns).

buhh the Frost Mage (Meteoran Transmuter)           Turns: 5023, Time: 00:22:51

Health: -7/97      AC: 12    Str: 13    XL:     11   Next: 83%
Magic:  16/16      EV: 20    Int: 19    God:    Ashenzari [......]
Gold:   470        SH:  0    Dex: 16    Spells: 5/15 levels left

rFire   . . .      SeeInvis .   p - +12 dagger of Ru's Esteem {venom, Will+ Str+2}
rCold   . . .      Faith    .   B - orb "Share My Egalitarianism" {light, Melee, Evo} (curse)
rNeg    . . .      Spirit   .   u - +0 troll leather armour
rPois   .          Reflect  .   n - +2 helmet
rElec   .          Harm     .   C - +0 cloak
rCorr   .          Rampage  .   t - +1 pair of gloves
Will    ++...                   (no boots)
Stlth   +.........              (no amulet)
HPRegen 1.06/turn               j - ring of wizardry
MPRegen 0.15/turn               r - +4 ring of evasion

@: glowing
A: sense surroundings 2, otherworldly, glowing, explore regen
a: Renounce Religion, Curse Item, Shatter the Chains


You were on level 11 of the Dungeon.
You worshipped Ashenzari.
Ashenzari was noncommittal.
You visited 2 branches of the dungeon, and saw 12 of its levels.

You collected 470 gold pieces.

Inventory:

Hand Weapons
 p - the +12 dagger of Ru's Esteem (weapon) {venom, Will+ Str+2}
   (You found it on level 4 of the Dungeon)

   It poisons the flesh of those it strikes.
   Str:       It affects your strength (+2).
   Will:      It increases your willpower.
Missiles
 e - 2 throwing nets
 z - 9 poisoned darts
Armour
 n - a +2 helmet (worn)
 t - a +1 pair of gloves (worn)
 u - a +0 troll leather armour (worn)
 B - the cursed orb "Share My Egalitarianism" (worn) {light, Melee, Evo}
   (You found it on level 4 of the Dungeon)

   It has a curse which improves the following skills: Melee Combat: Short
   Blades, Long Blades, Axes, Maces & Flails, Polearms, Staves and Unarmed
   Combat.
   Evocations: Evocations.
 C - a +0 cloak (worn)
Magical Staves
 h - a staff of cold
Jewellery
 j - a ring of wizardry (left hand)
 r - a +4 ring of evasion (right hand)
 D - a ring of see invisible
 I - a ring of protection from fire
Wands
 y - a wand of roots (4)
 E - a wand of flame (9)
 F - a wand of charming (1)
 H - a wand of quicksilver (24)
 L - a wand of polymorph (6)
Scrolls
 a - 2 scrolls of identify {!d}
 b - 5 scrolls of blinking {!d}
 c - a scroll of teleportation {!d!d}
 d - 3 scrolls of magic mapping {!d}
 f - 2 scrolls of fog
 g - 2 scrolls of amnesia
 l - a scroll of immolation {!r}
 w - a scroll of silence {!r}
 J - 2 scrolls of torment {unknown}
Potions
 i - 4 potions of might {unknown}
 k - 2 potions of resistance {unknown}
 m - 5 potions of heal wounds {unknown}
 o - 2 potions of mutation {!q!d}
 q - a potion of magic {!d}
 s - a potion of degeneration {unknown}
 v - 4 potions of curing {!d}
 x - 3 potions of ambrosia {unknown}
 A - 2 potions of invisibility {unknown}
 G - a potion of brilliance {unknown}
 Z - 3 potions of flight
Miscellaneous
 K - a box of beasts


   Skills:
 - Level 9.6 Fighting
 * Level 6.9 Armour
 - Level 8.7 Dodging
 - Level 9.2(9.6) Unarmed Combat
 - Level 2.8 Spellcasting
 * Level 3.5 Transmutations
 - Level 10.0 Ice Magic


You had 5 spell levels left.
You knew the following spells:

 Your Spells              Type           Power      Damage    Failure   Level
a - Beastly Appendage     Tmut           32%        N/A       1%          1
b - Wereblood             Tmut           16%        N/A       2%          2
c - Spider Form           Tmut/Pois      9%         N/A       12%         3
d - Ice Form              Ice/Tmut       28%        N/A       4%          4

Your spell library contained the following spells:

 Spells                   Type           Power      Damage    Failure   Level
 Confusing Touch          Hex            2%         N/A       22%         3
 Gell's Gravitas          Tloc           2%         N/A       22%         3
 Lesser Beckoning         Tloc           2%         N/A       22%         3
 Teleport Other           Tloc           2%         N/A       22%         3
 Airstrike                Air            1%         0-2+      56%         4
 Summon Lightning Spire   Summ/Air       2%         N/A       56%         4
 Yara's Violent Unravell  Hex/Tmut       4%         3d4       67%         5
 Lightning Bolt           Conj/Air       1%         1d12      88%         5
 Enfeeble                 Hex            1%         N/A       100%        7


Dungeon Overview and Level Annotations

Branches:
Dungeon (11/15) Zot: 1633  Temple (1/1) D:6 Zot: 575    Lair (0/6) D:10
    Orc (0/2) D:10

Altars:
Ashenzari
Gozag
Hepliaklqana
Kikubaaqudgha
Makhleb
Nemelex Xobeh
Qazlal
Sif Muna
Trog
Uskayaw
Vehumet
Wu Jian
Xom
Yredelemnul
Zin
The Shining One

Shops:
D:6 [


Innate Abilities, Weirdness & Mutations

You passively map the area around you.
You are easily found by Zot.
You glow in the dark.
You regain HP and MP as you explore.


Message History

A kobold comes into view. It is wielding a +0 dagger. x2
A kobold comes into view. It is wielding a +0 short sword.
The orc wizard gestures at you while chanting.
The magic dart hits you.
The kobold shouts! x2
You hit the orc wizard.
The orc wizard looks as sick as possible!
The orc wizard is heavily wounded.
An orc comes into view. It is wielding a +0 dagger.
The orc wizard gestures at you while chanting.
The puff of flame hits you!
An eight-headed hydra comes into view.
The eight-headed hydra roars!
The orc shouts!
You hit the orc wizard.
The orc wizard looks as sick as possible!
The orc wizard is severely wounded.
You hear a shout!
The orc wizard hits you with a +0 dagger.
An orc priest comes into view. It is wielding a +0 club.
An orc warrior comes into view. It is wielding a +0 glaive.
The orc warrior shouts!
Okay, then.
Okay, then.
Really read
l - 2 scrolls of immolation {!r}?
Really read the scroll of immolation?
As you read the scroll of immolation {!r}, it crumbles to dust.
The creatures around you are filled with an inner flame!
Flame seeps out of the orc wizard.
The kobold hits you but does no damage.
The orc wizard is engulfed in blazing flames.
Reactivating autopickup.
The orc wizard explodes!
The fiery explosion engulfs the kobold brigand!!!
The fiery explosion engulfs you!!
The fiery explosion engulfs the kobold!!!
The kobold explodes!
The fiery explosion engulfs you!!
* * * LOW HITPOINT WARNING * * *
The kobold brigand explodes!
The fiery explosion engulfs you!!
You die...

* * ##.#######...(.....
, #..................
#.###...(...).....#....
..........###.......##
###.....####.....###.
#####...................
#...........##.....##...
######.§§§.#....^.......
##@§##....#........
#○§##.##.#........ *
.§§....(.#........
..K?#.#.###.....>..
#.KK#K... #.........
*#..o...###.......<..
....D..,............
....oo.........>.....
*,, .###........


You could see an eight-headed hydra (inner flame), an orc warrior (inner flame),
an orc priest (inner flame), an orc (inner flame) and 4 kobolds.

Vanquished Creatures
  A centaur warrior (D:9)
  A two-headed ogre (D:10)
  A cyclops (D:11)
  Joseph (D:9)
  An unseen horror (D:10)
  2 kobold demonologists
  2 trolls
  Prince Ribbit (D:7)
  Sigmund (D:5)
  A shadow (D:10)
  2 wyverns (D:9)
  8 yaks
  A steam dragon (D:8)
  3 water moccasins (D:8)
  6 orc warriors
  2 sky beasts
  A black bear (D:5)
  2 ogres
  4 centaurs (D:9)
  A phantom (D:5)
  A kobold brigand (D:11)
  2 necrophages (D:5)
  A gnoll sergeant (D:9)
  3 scorpions
  A bullfrog (D:8)
  A wight (D:9)
  5 killer bees (D:6)
  2 jellies
  6 hounds
  2 gnoll boudas
  3 orc priests
  3 iguanas
  5 orc wizards
  15 gnolls
  4 adders
  2 white imps
  2 ufetubi
  A worm (D:4)
  A dart slug (D:1)
  21 orcs
  5 bats
  6 endoplasms
  2 giant cockroaches
  5 goblins
  4 hobgoblins
  3 quokkas (D:2)
  10 ball pythons
  2 frilled lizards
  6 kobolds
  5 rats
171 creatures vanquished.

Vanquished Creatures (others)
  An angel (D:7)
  3 fungi (D:9)
4 creatures vanquished.

Grand Total: 175 creatures vanquished

Notes
Turn   | Place    | Note
-------+----------+-------------------------------------------
     0 | D:1      | buhh the Meteoran Transmuter began the quest for the Orb.
     0 | D:1      | Reached XP level 1. HP: 16/16 MP: 5/5
    61 | D:1      | Found a faded altar of an unknown god.
    73 | D:1      | Reached XP level 2. HP: 3/23 MP: 4/6
   151 | D:1      | Learned a level 2 spell: Wereblood
   293 | D:1      | Reached XP level 3. HP: 21/28 MP: 6/8
  1071 | D:2      | Reached XP level 4. HP: 35/36 MP: 9/9
  1293 | D:3      | Found an ornate altar of the Wu Jian Council.
  1325 | D:4      | Learned a level 3 spell: Spider Form
  1551 | D:5      | Entered Level 5 of the Dungeon
  1573 | D:4      | Identified the +12 dagger of Ru's Esteem {venom, Will+
                  | Str+2}
  1626 | D:4      | Reached XP level 5. HP: 44/44 MP: 10/10
  1951 | D:5      | Noticed a phantom
  1959 | D:5      | Killed a phantom
  1960 | D:5      | Reached skill level 5 in Unarmed Combat
  1960 | D:5      | Reached XP level 6. HP: 50/51 MP: 11/11
  2006 | D:5      | Noticed a black bear
  2015 | D:5      | Killed a black bear
  2016 | D:5      | Reached skill level 5 in Dodging
  2016 | D:5      | Reached XP level 7. HP: 53/59 MP: 8/12
  2088 | D:5      | Reached XP level 8. HP: 64/67 MP: 13/13
  2215 | D:5      | Reached skill level 5 in Fighting
  2290 | D:5      | Found a stormy altar of Qazlal.
  2404 | D:5      | Noticed a troll
  2405 | D:5      | Noticed Sigmund
  2424 | D:5      | Killed a troll
  2428 | D:5      | Killed Sigmund
  2555 | D:6      | Found a glowing golden altar of the Shining One.
  2557 | D:6      | Found a burning altar of Makhleb.
  2613 | D:6      | Found a bloodstained altar of Trog.
  2621 | D:6      | Gained mutation: You passively map the area around you.
                  | [Meteoran growth]
  2621 | D:6      | Reached XP level 9. HP: 63/75 MP: 14/14
  2704 | D:6      | Found a staircase to the Ecumenical Temple.
  2713 | Temple   | Entered the Ecumenical Temple
  2723 | Temple   | Became a worshipper of Ashenzari the Shackled
  2808 | D:6      | Found Muvex's Antique Armour Emporium.
  3132 | D:7      | Found a shimmering blue altar of Sif Muna.
  3133 | D:7      | Found a hide-covered altar of Uskayaw.
  3165 | D:7      | Noticed Prince Ribbit
  3180 | D:7      | Killed Prince Ribbit
  3191 | D:7      | Found a glowing silver altar of Zin.
  3192 | D:7      | Killed an angel
  3265 | D:7      | Reached skill level 1 in Ice Magic
  3265 | D:7      | Reached XP level 10. HP: 88/88 MP: 15/15
  3308 | D:7      | Found a shimmering altar of Xom.
  3383 | D:7      | Reached skill level 2 in Ice Magic
  3518 | D:8      | Reached skill level 3 in Ice Magic
  3571 | D:8      | Reached skill level 4 in Ice Magic
  3621 | D:8      | Reached skill level 5 in Ice Magic
  3859 | D:8      | Identified the cursed orb "Share My Egalitarianism" {light,
                  | Melee, Evo} (You found it on level 4 of the Dungeon)
  3941 | D:9      | Reached skill level 6 in Ice Magic
  4003 | D:9      | Noticed a kobold demonologist
  4016 | D:9      | Killed a kobold demonologist
  4036 | D:9      | Found an ancient bone altar of Kikubaaqudgha.
  4060 | D:9      | Found a radiant altar of Vehumet.
  4079 | D:9      | Reached skill level 7 in Ice Magic
  4090 | D:9      | Found a sparkling altar of Nemelex Xobeh.
  4227 | D:9      | Noticed Joseph
  4242 | D:9      | Killed Joseph
  4318 | D:9      | Reached XP level 11. HP: 89/97 MP: 16/16
  4348 | D:9      | Reached skill level 8 in Ice Magic
  4360 | D:9      | Reached skill level 1 in Armour
  4392 | D:9      | Noticed a centaur warrior
  4420 | D:9      | Killed a centaur warrior
  4522 | D:10     | Entered Level 10 of the Dungeon
  4656 | D:10     | Reached skill level 9 in Ice Magic
  4684 | D:10     | Reached skill level 5 in Armour
  4716 | D:10     | Found a staircase to the Lair.
  4756 | D:10     | Noticed a two-headed ogre
  4864 | D:10     | Killed a two-headed ogre
  4865 | D:10     | Reached skill level 10 in Ice Magic
  4874 | D:10     | Found a staircase to the Orcish Mines.
  4903 | D:10     | Learned a level 4 spell: Ice Form
  4985 | D:11     | Noticed a cyclops
  4996 | D:11     | Killed a cyclops
  5003 | D:11     | Noticed a rust devil
  5021 | D:11     | Noticed an eight-headed hydra
  5023 | D:11     | Killed by an exploding kobold brigand... ignited by their
                  | inner flame

Illustrated notes

Levels and vault maps discovered:
D:1:      shiori_arrival_maze, layout_loops_ring,
          nicolae_ecumenical_snake_handling
D:2:      layout_basic, serial_park_tiny_2, kennysheep_potato
D:3:      layout_basic, nicolae_wu_jian_glorious_leap
D:4:      layout_basic, kennysheep_generic_room_11
D:5:      layout_basic, grunt_qazlal_clouds, minmay_starry_boxes, uniq_sigmund
D:6:      layout_loops_ring, nicolae_overflow_hidden_temple, old_standard_altar,
          minmay_temple_entry_glass, serial_shops, nicolae_lakefront_shop,
          kennysheep_generic_room_14
D:7:      layout_basic, mainiacjoe_overflow_catwalk_spiral,
          grunt_temple_overflow_order_and_chaos_1, uniq_prince_ribbit1
D:8:      layout_basic
D:9:      kennysheep_spiral_hall, layout_basic,
          nicolae_kikubaaqudgha_miasma_corner,
          mainiacjoe_overflow_catch_the_wave, uniq_joseph
D:10:     layout_irregular_city, lair_entry_dummy, orc_david_3,
          minmay_unpleasant_kobolds
D:11:     layout_rooms
Temple:   nicolae_temple_bog_church

Skill      XL: |  1  2  3  4  5  6  7  8  9 10 11 |
---------------+----------------------------------+-----
Unarmed Combat | 4 5 6 7 9 |  9.2
Dodging        | 3 4 5 7 8 |  8.7
Fighting       | 2 3 4 6 7 9 |  9.6
Ice Magic      | 1 7 10 | 10.0
Armour         | 6 |  6.9
Transmutations | 3 |  3.5
Spellcasting   | |  2.8

Action                   |  1- 3 |  4- 6 |  7- 9 | 10-12 || total
-------------------------+-------+-------+-------+-------++-------
Melee: Unarmed           |    99 |    40 |    70 |    89 ||   298
       Headbutt          |     8 |     4 |       |       ||    12
       Kick              |    13 |     2 |       |       ||    15
       Punch             |     4 |     1 |       |       ||     5
       Dagger            |       |    25 |    93 |   140 ||   258
 Cast: Beastly Appendage |    19 |     3 |       |       ||    22
       Spider Form       |       |     6 |     6 |     9 ||    21
       Wereblood         |       |       |     1 |     1 ||     2
Invok: Curse Item        |       |       |       |     1 ||     1
 Abil: End Transformatio |       |       |     1 |     1 ||     2
Evoke: Wand              |       |       |     6 |       ||     6
  Use: Potion            |     1 |       |       |     2 ||     3
       Scroll            |       |       |    10 |     7 ||    17
Armor: Robe              |    41 |    27 |     3 |       ||    71
       Skin              |     1 |     2 |     3 |     3 ||     9
       Troll leather arm |       |       |    20 |    50 ||    70
Dodge: Dodged            |    78 |    47 |   175 |   255 ||   555

Table legend: (Time is in decaauts)
 A = Elapsed time spent in this place.
 B = Non-inter-level travel time spent in this place.
 C = Inter-level travel time spent in this place.
 D = Time resting spent in this place.
 E = Time spent auto-exploring this place.
 F = Levels seen in this place.
 G = Mean time per level.
                   A        B        C        D        E       F      G
               +--------+--------+--------+--------+--------+-----+--------+
         Total |   4989 |   4860 |    129 |     47 |    113 |  12 |  415.8 |
       Dungeon |   4965 |   4836 |    129 |     47 |    113 |  11 |  451.4 |
        Temple |     24 |     24 |      0 |      0 |      0 |   1 |   24.0 |
               +--------+--------+--------+--------+--------+-----+--------+

Top non-repeatable levels by time:
     D:9: 683 daAuts
     D:5: 547 daAuts
     D:1: 540 daAuts
     D:3: 508 daAuts
     D:4: 503 daAuts
     D:8: 487 daAuts
     D:7: 464 daAuts
     D:6: 453 daAuts
     D:2: 382 daAuts
    D:10: 341 daAuts
    D:11: 54 daAuts
  Temple: 24 daAuts
